 Dungeon Crawl Stone Soup version 0.31-a0-844-gdc52ec4e09 (webtiles) character file.

Game seed: 1299334434448153750

1757672 DocEon the Conqueror (level 27, 273/273 HPs)
             Began as a Minotaur Monk on Sept 29, 2023.
             Was an Initiate of Gozag.
             Escaped with the Orb
             ... and 3 runes!
             The game lasted 02:15:07 (65966 turns).

DocEon the Conqueror (Minotaur Monk)               Turns: 65966, Time: 02:15:08

Health: 273/273    AC: 49    Str: 31    XL:     27
Magic:  31/31      EV: 34    Int:  5    God:    Gozag
Gold:   5105       SH: 26    Dex: 30    Spells: 26/26 levels left

rFire   + . .        b - +11 Singing Sword {sonic wave}
rCold   + + .        x - +5 kite shield {rC+ rF+}
rNeg    + + .        C - +16 plate armour "Goell" {rC- rN+ Dex+6 SInv}
rPois   +            R - +1 hat "Goodarr" {rC+}
rElec   +            H - +0 cloak of the Known World {rC+}
rCorr   +            P - +2 pair of gloves {Str+3}
SInv    +            M - +2 pair of boots {rampage}
Will    +++..        q - amulet "Putzenown" {rElec rN+ Regen+ Int-4 Dex+5} Stlth
                     Z - ring "Lureiha" {Will+ MP+9 Str+3 Dex+3}
HPRegen 1.45/turn    S - ring "Ekafuumm" {rPois rCorr Str+2}
MPRegen 0.22/turn

%: rampage
@: studying 2 skills
A: horns 2, retaliatory headbutt, dopey 1
0: Orb of Zot
}: 3/15 runes: serpentine, barnacled, silver
a: Renounce Religion, Potion Petition, Call Merchant, Bribe Branch


You escaped.
You worshipped Gozag.
Gozag was greatly pleased with you.
You visited 10 branches of the dungeon, and saw 50 of its levels.
You visited the Abyss 1 time.
You visited 1 bazaar.
You also visited: Sewer, Ice Cave and Desolation.

You collected 31057 gold pieces.
You spent 7409 gold pieces at shops.
You paid 18543 gold pieces to Gozag.

Inventory:

Hand Weapons
 a - the +10 demon blade of Fear {drain, Fly rC+ Str+3 Dex+3}
   (You found it on level 7 of the Dungeon)

   Str+3:     It affects your strength (+3).
   Dex+3:     It affects your dexterity (+3).
   rC+:       It protects you from cold.
   Fly:       It grants you flight.
 b - the +11 Singing Sword (weapon) {sonic wave}
   (You found it on level 4 of the Shoals)
 p - a +2 eudemon blade of holy wrath
Missiles
 m - 7 throwing nets
Armour
 f - the +18 shield of the Gong {Loud rN+ Will+ rCorr EV-5}
   (You found it on level 3 of the Elven Halls)

   Loud:      It is deafeningly noisy when blocking attacks.
   EV-5:      It affects your evasion (-5).
   rN+:       It protects you from negative energy.
   Will+:     It increases your willpower.
   rCorr:     It protects you from acid and corrosion.
 h - a +2 cloak of poison resistance
 x - a +5 kite shield of resistance (worn)
 C - the +16 plate armour "Goell" (worn) {rC- rN+ Dex+6 SInv}
   (You bought it in a shop on level 2 of the Snake Pit)

   Dex+6:     It affects your dexterity (+6).
   rC-:       It makes you vulnerable to cold.
   rN+:       It protects you from negative energy.
   SInv:      It lets you see invisible.
 H - the +0 cloak of the Known World (worn) {rC+}
   (You acquired it on level 2 of the Depths)

   rC+:       It protects you from cold.
 K - the +0 pair of boots of Viekoo {rElec rPois Str+3}
   (You acquired it on level 4 of the Realm of Zot)

   Str+3:     It affects your strength (+3).
   rElec:     It insulates you from electricity.
   rPois:     It protects you from poison
 M - a +2 pair of boots of rampaging (worn)
 P - a +2 pair of gloves of strength (worn)
 R - the +1 hat "Goodarr" (worn) {rC+}
   (You acquired it on level 12 of the Dungeon)

   rC+:       It protects you from cold.
Jewellery
 j - a ring of protection from fire
 q - the amulet "Putzenown" (around neck) {rElec rN+ Regen+ Int-4 Dex+5}
   (You bought it in a shop on level 14 of the Dungeon)

   [amulet of regeneration]

   Int-4:     It affects your intelligence (-4).
   Dex+5:     It affects your dexterity (+5).
   rElec:     It insulates you from electricity.
   rN+:       It protects you from negative energy.
   Regen+:    It increases your rate of health regeneration.
 y - a ring of see invisible
 N - a +4 ring of slaying
 O - the ring "Koytygal" {Fire Str+3}
   (You took it off a deep elf sorcerer on level 3 of the Elven Halls)

   [ring of fire]

   Fire:      It enhances your fire magic.
   Str+3:     It affects your strength (+3).
   rF+:       It protects you from fire.
   rC-:       It makes you vulnerable to cold.
 S - the ring "Ekafuumm" (right hand) {rPois rCorr Str+2}
   (You found it on level 14 of the Dungeon)

   [ring of poison resistance]

   Str+2:     It affects your strength (+2).
   rPois:     It protects you from poison rCorr: It protects you from acid and
   corrosion.
 V - a ring of willpower
 Z - the ring "Lureiha" (left hand) {Will+ MP+9 Str+3 Dex+3}
   (You found it in the Desolation of Salt)

   [ring of magical power]

   Str+3:     It affects your strength (+3).
   Dex+3:     It affects your dexterity (+3).
   Will+:     It increases your willpower.
   MP+9:      It affects your magic capacity (+9).
Wands
 u - a wand of digging (8)
 J - a wand of acid (18)
 Q - a wand of polymorph (8)
 X - a wand of roots (74)
Scrolls
 c - 2 scrolls of enchant armour
 g - 3 scrolls of vulnerability
 k - a scroll of brand weapon
 l - a scroll of silence
 t - 8 scrolls of poison
 v - 30 scrolls of teleportation
 B - 8 scrolls of fog
 D - 5 scrolls of enchant weapon
 E - 5 scrolls of fear
 F - 2 scrolls of revelation
 G - 39 scrolls of identify
 T - 3 scrolls of butterflies
 Y - 13 scrolls of blinking
Potions
 d - 11 potions of heal wounds
 e - 14 potions of might
 i - 9 potions of enlightenment
 n - 5 potions of attraction
 o - 2 potions of cancellation
 r - 8 potions of brilliance
 s - 30 potions of curing
 w - 5 potions of resistance
 z - 3 potions of invisibility
 A - 4 potions of haste
 I - 4 potions of magic
 L - 13 potions of mutation
 U - 4 potions of lignification
 W - 4 potions of berserk rage


   Skills:
 O Level 27 Fighting
 - Level 16.0 Long Blades
 - Level 14.0 Maces & Flails
 O Level 27 Armour
 + Level 26.8 Dodging
 - Level 5.0 Stealth
 O Level 27 Shields


You had 26 spell levels left.
You didn't know any spells.
Your spell library contained the following spells:

 Spells                   Type           Power      Damage    Failure   Level
 Apportation              Tloc           0%         N/A       80%         1
 Foxfire                  Conj/Fire      0%         2x1d4     80%         1
 Kiss of Death            Conj/Necr      0%         2d5       80%         1
 Magic Dart               Conj           0%         1d3       80%         1
 Necrotise                Necr           0%         1d4       80%         1
 Sandblast                Erth           0%         2d4       80%         1
 Shock                    Conj/Air       0%         1d3       80%         1
 Slow                     Hex            0%         N/A       80%         1
 Sting                    Tmut/Pois      0%         1d3       80%         1
 Summon Small Mammal      Summ           0%         N/A       80%         1
 Blink                    Tloc           0%         N/A       91%         2
 Call Imp                 Summ           0%         N/A       91%         2
 Cigotuvi's Dreadful Rot  Necr/Pois/Air  0%         N/A       91%         2
 Ensorcelled Hibernation  Hex/Ice        0%         N/A       91%         2
 Jinxbite                 Hex            0%         N/A       91%         2
 Lesser Beckoning         Tloc           0%         N/A       91%         2
 Passwall                 Tmut/Erth      0%         N/A       91%         2
 Poisonous Vapours        Pois/Air       0%         N/A       91%         2
 Sublimation of Blood     Necr           0%         N/A       91%         2
 Wereblood                Tmut           0%         N/A       91%         2
 Confusing Touch          Hex            0%         N/A       99%         3
 Dazzling Flash           Conj/Hex       0%         N/A       99%         3
 Gell's Gravitas          Tloc           0%         N/A       99%         3
 Ignite Poison            Fire/Tmut/Pois 0%         N/A       99%         3
 Mephitic Cloud           Conj/Pois/Air  0%         N/A       99%         3
 Ozocubu's Armour         Ice            0%         N/A       99%         3
 Sigil of Binding         Hex            0%         N/A       99%         3
 Stone Arrow              Conj/Erth      0%         3d7       99%         3
 Swiftness                Air            0%         N/A       99%         3
 Teleport Other           Tloc           0%         N/A       99%         3
 Tukima's Dance           Hex            0%         N/A       99%         3
 Vampiric Draining        Necr           0%         2d6       99%         3
 Volatile Blastmotes      Fire/Tloc      0%         2d10      99%         3
 Airstrike                Air            0%         2d(0-16)  100%        4
 Anguish                  Hex/Necr       0%         N/A       100%        4
 Animate Armour           Summ/Erth      0%         N/A       100%        4
 Brom's Barrelling Bould  Conj/Erth      0%         2d3       100%        4
 Cause Fear               Hex            0%         N/A       100%        4
 Dimensional Bullseye     Hex/Tloc       0%         N/A       100%        4
 Fulminant Prism          Conj/Hex       0%         3d5       100%        4
 Iskenderun's Mystic Bla  Conj/Tloc      0%         2d3       100%        4
 Manifold Assault         Tloc           0%         N/A       100%        4
 Olgreb's Toxic Radiance  Pois           0%         N/A       100%        4
 Passage of Golubria      Tloc           0%         N/A       100%        4
 Petrify                  Tmut/Erth      0%         N/A       100%        4
 Summon Ice Beast         Ice/Summ       0%         N/A       100%        4
 Summon Lightning Spire   Summ/Air       0%         N/A       100%        4
 Vhi's Electric Charge    Tloc/Air       0%         N/A       100%        4
 Arcjolt                  Conj/Air       0%         1d10      100%        5
 Borgnjor's Vile Clutch   Necr/Erth      0%         N/A       100%        5
 Fireball                 Conj/Fire      0%         3d3       100%        5
 Freezing Cloud           Conj/Ice/Air   0%         6-21      100%        5
 Irradiate                Conj/Tmut      0%         3d11      100%        5
 Lee's Rapid Deconstruct  Erth           0%         3d4*      100%        5
 Metabolic Englaciation   Hex/Ice        0%         N/A       100%        5
 Silence                  Hex/Air        0%         N/A       100%        5
 Summon Forest            Summ/Tloc      0%         N/A       100%        5
 Summon Mana Viper        Hex/Summ       0%         N/A       100%        5
 Yara's Violent Unravell  Hex/Tmut       0%         3d3       100%        5
 Conjure Ball Lightning   Conj/Air       0%         3x3d6     100%        6
 Death Channel            Necr           0%         N/A       100%        6
 Dispersal                Tloc           0%         N/A       100%        6
 Eringya's Noxious Bog    Tmut/Pois      0%         4d6       100%        6
 Plasma Beam              Fire/Air       0%         2x1d10    100%        6
 Starburst                Conj/Fire      0%         6d3       100%        6
 Haunt                    Necr/Summ      0%         N/A       100%        7
 Monstrous Menagerie      Summ           0%         N/A       100%        7
 Orb of Destruction       Conj           0%         9d5       100%        7
 Spellforged Servitor     Conj/Summ      0%         N/A       100%        7
 Summon Hydra             Summ           0%         N/A       100%        7
 Borgnjor's Revivificati  Necr           0%         N/A       100%        8
 Discord                  Hex            0%         N/A       100%        8
 Disjunction              Tloc           0%         N/A       100%        8
 Infestation              Necr           0%         N/A       100%        8
 Lehudib's Crystal Spear  Conj/Erth      0%         10d2      100%        8
 Maxwell's Capacitive Co  Air            0%         ∞         100%        8
 Death's Door             Necr           0%         N/A       100%        9
 Dragon's Call            Summ           0%         N/A       100%        9
 Animate Dead             Necr           Unusable   N/A       N/A         4
 Simulacrum               Ice/Necr       Unusable   N/A       N/A         6

Dungeon Overview and Level Annotations

Branches:
Dungeon (15/15)            Temple (0/1) D:7            Lair (5/5) D:11
 Shoals (4/4) Lair:3        Snake (4/4) Lair:2        Slime (0/5) Lair:4
    Orc (2/2) D:11            Elf (3/3) Orc:2        Vaults (5/5) D:14
  Crypt (3/3) Vaults:3       Tomb (0/3) Crypt:3      Depths (4/4) D:15
    Zot (5/5) Depths:4      Sewer (visited)           IceCv (visited)
Desolation (visited)

Altars:
Cheibriados
Dithmenos
Elyvilon
Gozag
Kikubaaqudgha
Makhleb
Nemelex Xobeh
Qazlal
Ru
Vehumet
Xom
Zin
The Shining One

Shops:
D:5 *   D:6 *   D:10 (   D:12 [   D:14 !=   D:15 *   Orc:2 [***   Elf:1 [
Elf:2 :   Lair:1 [   Lair:5 [   Snake:2 *!   Snake:3 ::(*([   Snake:4 [
Vaults:4 :   Vaults:5 ?   Zot:4 [*(?   Depths:2 (   Depths:4 *

Portals:
Hell: Depths:1 Depths:2 Depths:3 Depths:4
Abyss: D:5 Depths:2 Depths:3 Depths:4
Pandemonium: Depths:2
Ziggurat: Depths:4
Trove: D:14 (give 7 scrolls of fear)

Annotations:
D:5 2 transporters, justen's ghost, novice GnSh
Lair:4 1 runed translucent door
Shoals:1 2 transporters, Shayle's ghost, journeyman DsRe
Orc:2 exclusion: oklob plant
Elf:1 6 transporters


Innate Abilities, Weirdness & Mutations

You have a pair of horns on your head.
You reflexively headbutt those who attack you in melee.
You are dopey. (Int -2)


Message History

No target in view!
No target in view!
There is a stone staircase leading up here.
You climb upwards.
There is a stone staircase leading down here.
There is a stone staircase leading up here.
You climb upwards.
There is a stone staircase leading down here.
There is a stone staircase leading up here.
You climb upwards.
Level annotation: 2 transporters, justen's ghost, novice GnSh
There is a stone staircase leading down here.
The gnoll shouts!
There is a transporter landing site here.
You see here a +0 ring mail.
There is a stone staircase leading up here.
You climb upwards.
There is a stone staircase leading down here.
There is an escape hatch in the ceiling here.
A mysterious force pulls you upwards. The hatch slams shut behind you.
You see here 5 stones.
There is a stone staircase leading up here.
You climb upwards.
There is a stone staircase leading down here.
There is an escape hatch in the ceiling here.
A mysterious force pulls you upwards. The hatch slams shut behind you.
A ynoxinul comes into view.
A ynoxinul is nearby!
You slice the ynoxinul!! You headbutt the ynoxinul.
The ynoxinul is almost dead.
You hit the ynoxinul.
The Singing Sword sings a sudden staccato note.
You send a blast of sound all around you.
You kill the ynoxinul!
No target in view!
No target in view!
You open the door.
There is an open door here.
There is a staircase leading out of the dungeon here.
You have escaped!

#.#
#####.####........##
#.# #.........####.####
#.# #.##.###### #.#
##.#####.##.#### #.#
#.........#....######.#
#.###.##.......##.....#
#.# #....##....########
#.# ####.##...8.# #.#
#.##....@#
#.######......8.#
#.........#....##
###########....#
####.#### #....#
#...#...# #.####
######### #
#..###..####.###
#.......# # #.##
##....#...## #.#####.#
#
#..###..##......####.##
#.# #


There were no monsters in sight!

Vanquished Creatures
  3 orbs of fire
  4 dread liches
  Mara (Vaults:5)
  3 ancient liches
  Mennas (Crypt:1)
  Boris (twice) (Crypt:2 Crypt:3)
  2 Killer Klowns
  Bai Suzhen (Snake:3)
  2 curse toes
  Xtahua (Vaults:2)
  Saint Roka (Elf:3)
  14 golden dragons
  2 doom hounds (Crypt:3)
  4 bone dragons
  A Tzitzimitl (Zot:2)
  17 Orb Guardians
  Grunn (Crypt:3)
  19 tentacled monstrosities
  7 liches
  Jorgrun (Orc:2)
  4 deep elf master archers (Elf:3)
  4 titans
  6 sphinxes
  3 deep elf blademasters
  6 quicksilver dragons
  An Executioner (D:8)
  4 ancient champions
  2 tentacled starspawn (Abyss:2)
  4 death cobs
  9 storm dragons
  16 shadow dragons
  4 tengu reavers
  3 revenants
  4 draconian monks
  5 draconian knights
  An imperial myrmidon (Desolation)
  6 deep elf sorcerers (Elf:3)
  11 frost giants
  11 fire giants
  4 iron dragons
  3 nagarajas (Snake:4)
  17 vault wardens
  A curse skull (Crypt:1)
  3 deep elf elementalists (Elf:3)
  Louise (Shoals:3)
  2 balrugs
  2 orc warlords
  4 ghost moths
  19 ironbound preservers
  3 reapers
  3 draconian shifters
  6 draconian annihilators
  6 draconian scorchers
  6 draconian stormcallers
  3 spriggan defenders
  9 ghouls
  A formless jellyfish (Shoals:3)
  10 very ugly things
  9 war gargoyles
  A demonspawn corrupter (Zot:2)
  8 vampire knights
  The ghost of Miduta the Eclecticist, a journeyman DsNe of Kikubaaqudgha (Snake:2)
  A juggernaut skeleton (Crypt:3)
  A formless jellyfish (shapeshifter) (D:15)
  2 eleionomae (Shoals:4)
  4 ironbound thunderhulks
  4 deep elf demonologists
  10 stone giants
  18 green draconians
  9 deep elf annihilators (Elf:3)
  9 dire elephants
  9 red draconians
  7 black draconians
  24 spark wasps
  11 yellow draconians
  11 purple draconians
  The ghost of Feuw the Spry, a journeyman MfSh of Hepliaklqana (D:14)
  4 halazid warlocks (Desolation)
  4 eidola
  8 white draconians
  3 blizzard demons
  7 deep elf death magi
  The ghost of Caciup the Basher, a journeyman GrFi of Jiyva (D:14)
  The ghost of Caciup the Basher, a journeyman GrFi of Jiyva (D:13)
  11 merfolk impalers
  6 crystal guardians
  A green death (D:14)
  13 fire dragons
  12 ettins
  13 jiangshi
  3 merfolk javelineers
  8 ragged hierophants (Desolation)
  8 yaktaur captains
  7 deep elf high priests
  Josephine (D:10)
  10 hydras
  An entropy weaver (Vaults:5)
  3 ice dragons
  A quicksilver dragon skeleton (Vaults:4)
  4 great orbs of eyes
  10 peacekeepers
  A hell beast (Depths:3)
  A rakshasa (Depths:3)
  4 servants of whispers (Desolation)
  27 vault guards
  6 catoblepae
  2 spriggan air magi (Depths:1)
  10 anacondas
  2 spriggan skeletons
  6 salamander tyrants
  4 merfolk aquamancers (Shoals:4)
  A juggernaut simulacrum (Crypt:2)
  Erica (D:11)
  12 centaur warriors
  2 ogre magi
  9 ironbound frosthearts
  3 death knights
  28 dancing weapons
  9 two-headed ogres
  6 boulder beetles
  4 satyrs
  2 sphinx skeletons (Vaults:3)
  16 naga warriors
  13 deep troll earth magi
  An alligator snapping turtle (Shoals:1)
  17 deep troll shamans
  6 death yaks
  10 naga sharpshooters
  8 tengu warriors
  4 vampire magi
  7 shock serpents
  4 orc high priests
  4 spriggan berserkers
  A thrashing horror (Abyss:2)
  9 hell knights
  3 soul eaters
  2 titan zombies
  Urug (D:11)
  3 shadow wraiths
  11 deep elf knights
  6 iron trolls
  2 fire crabs (shapeshifter)
  A titan skeleton (Vaults:3)
  32 skeletal warriors
  4 skysharks
  A bunyip zombie (Crypt:3)
  3 large abominations
  A quicksilver dragon simulacrum (Depths:3)
  2 wretched stars (Abyss:2)
  An orb spider (shapeshifter) (Vaults:5)
  3 flayed ghosts
  68 deep trolls
  11 sea snakes
  A swamp dragon (shapeshifter) (Vaults:5)
  A shadow demon (Zot:2)
  7 lindwurms
  7 salamander mystics
  9 wizards
  An orange crystal statue (Snake:2)
  A harpy (shapeshifter) (Depths:1)
  4 naga ritualists
  A shadow dragon zombie (Vaults:4)
  8 deep elf archers
  2 glowing orange brains (Depths:2)
  15 harpies
  A wolf spider zombie (Crypt:2)
  An iron dragon zombie (Crypt:3)
  10 phantasmal warriors
  22 deep elf pyromancers
  5 bog bodies
  8 starcursed masses (Abyss:2)
  23 ironbound convokers
  12 mana vipers
  22 deep elf zephyrmancers
  9 necromancers
  A stone giant zombie (Crypt:1)
  19 ugly things
  5 orc sorcerers
  15 orc knights
  7 cyclopes
  17 manticores
  A worldbinder (Abyss:2)
  21 moths of wrath
  An iron dragon skeleton (Crypt:1)
  17 fauns
  28 salamanders
  14 elephants
  Joseph (D:10)
  15 guardian serpents
  Maurice (D:8)
  5 stone giant skeletons
  14 water nymphs
  18 vault sentinels
  9 merfolk sirens
  18 naga magi
  5 torpor snails (Lair:5)
  32 black mambas
  An orange demon (Zot:2)
  A smoke demon (Abyss:2)
  14 cane toads
  3 kobold demonologists (D:14)
  2 unseen horrors
  10 rime drakes
  3 efreet
  2 guardian mummies (D:14)
  12 komodo dragons
  26 yaktaurs
  An orb spider zombie (Crypt:1)
  8 freezing wraiths
  3 tormentors (Crypt:3)
  A harpy zombie (Crypt:3)
  2 ice devils
  A red devil (Zot:2)
  A yaktaur skeleton (Vaults:3)
  A meliai (D:15)
  7 trolls
  12 tengu conjurers
  A polar bear (Lair:5)
  25 merfolk
  3 ancient zymes (Abyss:2)
  8 wind drakes
  An iron troll skeleton (Crypt:2)
  2 hellwings
  9 raiju (Abyss:2)
  3 tyrant leeches (Lair:5)
  11 blink frogs
  12 hornets
  2 dream sheep (Lair:5)
  51 saltlings
  16 snapping turtles
  A fire dragon zombie (Crypt:3)
  A centaur simulacrum (D:15)
  2 ettin skeletons (Vaults:3)
  35 flying skulls
  A vampire (D:11)
  2 ynoxinuls
  2 air elementals (Elf:3)
  A black mamba zombie (Crypt:2)
  23 slime creatures
  7 wraiths
  2 shadows
  A deep troll skeleton (Vaults:3)
  4 spriggans
  9 wyverns
  14 water elementals
  32 yaks
  3 fire bats (Depths:1)
  Eustachio (D:7)
  3 steam dragons
  2 redbacks (Vaults:5)
  5 basilisks
  A death yak simulacrum (IceCv)
  A golden eye (shapeshifter) (D:12)
  4 chaos spawn
  3 neqoxecs (D:14)
  2 wargs
  Menkaure (D:6)
  3 acid dragons
  49 nagas
  A demonspawn zombie (Crypt:2)
  A yaktaur simulacrum (Vaults:1)
  A hydra simulacrum (IceCv)
  13 water moccasins
  4 hell hounds (Abyss:2)
  A glowing shapeshifter skeleton (Vaults:3)
  A swamp drake (Lair:5)
  An ice beast (D:7)
  29 orc warriors
  A black bear (Lair:2)
  8 ogres
  20 wolves
  5 centaurs
  2 human skeletons (Vaults:3)
  A hog zombie (Crypt:1)
  A kobold brigand (D:6)
  12 bullfrogs
  2 gnoll sergeants
  8 small abominations (Abyss:2)
  2 earth elementals
  A cyclops zombie (Crypt:1)
  An elf skeleton (Crypt:2)
  3 scorpions
  2 two-headed ogre simulacra (IceCv)
  10 necrophages
  8 wights
  2 elephant simulacra (IceCv)
  11 killer bees
  An electric eel (Lair:1)
  8 howler monkeys
  4 jellies
  A quasit (Abyss:2)
  A human simulacrum (Vaults:4)
  10 orc priests
  3 hounds
  Crazy Yiuf (D:2)
  2 gnoll boudas
  4 iguanas
  16 orc wizards
  A sleepcap (D:3)
  A hell rat (Sewer)
  2 troll simulacra
  2 naga skeletons (Crypt:2)
  A tengu skeleton (Crypt:2)
  22 gnolls
  A river rat (Sewer)
  A swamp drake zombie (Crypt:2)
  11 adders
  2 naga simulacra
  A shadow imp (D:6)
  9 white imps
  3 ufetubi
  3 worms
  4 dart slugs
  66 orcs
  4 endoplasms
  6 giant cockroaches
  7 goblins
  6 hobgoblins
  12 kobolds
  2 quokkas
  4 ball pythons
  A ball python skeleton (Crypt:1)
  3 bats
  3 frilled lizards
  9 rats
  A starspawn tentacle (Abyss:2)
2264 creatures vanquished.

Vanquished Creatures (collateral kills)
  An electric golem (Zot:5)
  2 Orb Guardians (Zot:5)
3 creatures vanquished.

Vanquished Creatures (others)
  A dread lich (Zot:5)
  3 ancient liches (Zot:5)
  An orb of fire (Zot:5)
  2 Killer Klowns (Zot:5)
  An electric golem (Zot:5)
  A tentacled monstrosity (Zot:5)
  7 Orb Guardians (Zot:5)
  A ghost moth (Zot:5)
  A draconian knight (Zot:1)
  A draconian annihilator (Zot:5)
  A black draconian (Zot:5)
  A white draconian (Zot:5)
  A purple draconian (Zot:5)
  A deep elf zephyrmancer (Elf:2)
  A moth of wrath (Zot:5)
  A dream sheep (Lair:5)
  A white imp (Abyss:2)
  An orc (D:12)
  3 starspawn tentacles (Abyss:2)
30 creatures vanquished.

Grand Total: 2297 creatures vanquished

Notes
Turn   | Place    | Note
-------+----------+-------------------------------------------
     0 | D:1      | DocEon the Minotaur Monk began the quest for the Orb.
     0 | D:1      | Reached XP level 1. HP: 19/19 MP: 0/0
   273 | D:1      | Reached XP level 2. HP: 22/26 MP: 1/1
   954 | D:2      | Found an opulent altar of Gozag.
   963 | D:2      | Became a worshipper of Gozag Ym Sagoz the Greedy
  1117 | D:2      | Reached skill level 5 in Maces & Flails
  1124 | D:2      | Reached XP level 3. HP: 31/31 MP: 2/2
  1716 | D:2      | Found a runed translucent door.
  1717 | D:2      | Noticed Crazy Yiuf
  2000 | D:3      | Reached XP level 4. HP: 39/39 MP: 3/3
  2029 | D:3      | Found a shimmering altar of Xom.
  2030 | D:3      | Found a white marble altar of Elyvilon.
  2043 | D:3      | Found a glowing silver altar of Zin.
  2225 | D:3      | Found a glowing drain.
  2238 | Sewer    | Entered a sewer
  2903 | D:4      | Found a snail-covered altar of Cheibriados.
  2970 | D:4      | Noticed a phantom
  3009 | D:3      | Reached XP level 5. HP: 7/45 MP: 4/4
  3215 | D:4      | Noticed an ogre
  3226 | D:4      | Killed an ogre
  3519 | D:4      | Reached XP level 6. HP: 51/51 MP: 5/5
  4548 | D:5      | Entered Level 5 of the Dungeon
  4554 | D:5      | Found a one-way gate to the infinite horrors of the Abyss.
  4554 | D:5      | Noticed justen's ghost (novice GnSh)
  4685 | D:5      | Found a transporter.
  4692 | D:5      | Found a transporter.
  4865 | D:5      | Reached XP level 7. HP: 57/57 MP: 6/6
  4939 | D:5      | Reached skill level 10 in Maces & Flails
  5502 | D:5      | Noticed a small abomination
  5723 | D:5      | Bought a +1 mace of protection for 137 gold pieces
  5881 | D:2      | Killed Crazy Yiuf
  5882 | D:2      | Reached XP level 8. HP: 64/64 MP: 7/7
  6286 | D:6      | Noticed Menkaure
  6566 | D:6      | Killed Menkaure
  7122 | D:6      | Found Fozeshru's Assorted Antiques.
  7133 | D:6      | Bought 2 potions of heal wounds for 220 gold pieces
  7133 | D:6      | Bought a scroll of teleportation for 66 gold pieces
  7133 | D:6      | Bought a fizzy inky potion for 19 gold pieces
  7133 | D:6      | Bought a scroll labelled REOLEH FOVOU for 22 gold pieces
  7135 | D:6      | Bought a scroll of identify for 44 gold pieces
  7272 | D:7      | Found a staircase to the Ecumenical Temple.
  7422 | D:7      | Reached skill level 1 in Armour
  7457 | D:6      | Reached XP level 9. HP: 71/71 MP: 8/8
  7583 | D:7      | Reached skill level 1 in Shields
  7723 | D:7      | Noticed Eustachio
  7746 | D:7      | Killed Eustachio
  7846 | D:7      | Reached skill level 5 in Fighting
  8034 | D:7      | Found an opulent altar of Gozag.
  8787 | D:8      | Found a sparkling altar of Nemelex Xobeh.
  9049 | D:8      | Noticed Maurice
  9071 | D:8      | Maurice stole a ring of fire
  9075 | D:8      | Killed Maurice
  9076 | D:8      | Reached skill level 5 in Armour
  9108 | D:8      | Noticed a centaur warrior
  9116 | D:8      | Killed a centaur warrior
  9117 | D:8      | Reached skill level 5 in Shields
  9117 | D:8      | Reached XP level 10. HP: 57/86 MP: 9/9
  9252 | D:8      | Found an ancient bone altar of Kikubaaqudgha.
 10393 | D:10     | Entered Level 10 of the Dungeon
 10398 | D:10     | Found a transporter.
 10411 | D:10     | Found a transporter.
 10413 | D:10     | Noticed a boulder beetle
 10446 | D:10     | Noticed Joseph
 10494 | D:10     | Killed Joseph
 10790 | D:10     | Noticed Josephine
 10813 | D:10     | Killed Josephine
 10875 | D:10     | Found a sacrificial altar of Ru.
 11109 | D:10     | Noticed a two-headed ogre
 11122 | D:10     | Killed a two-headed ogre
 11721 | D:10     | Killed a boulder beetle
 11722 | D:10     | Reached XP level 11. HP: 24/97 MP: 10/10
 11944 | D:11     | Noticed a two-headed ogre
 11944 | D:11     | Found a frozen archway.
 11951 | D:10     | Killed a two-headed ogre
 12073 | D:11     | Noticed Erica
 12088 | D:11     | Killed Erica
 12089 | D:11     | Reached skill level 10 in Fighting
 12150 | IceCv    | Entered an ice cave
 13804 | D:11     | Noticed Urug
 13824 | D:11     | Killed Urug
 13960 | D:11     | Found a staircase to the Orcish Mines.
 14375 | D:11     | Found a staircase to the Lair.
 14534 | D:11     | Reached skill level 10 in Armour
 14713 | Lair:1   | Entered Level 1 of the Lair of Beasts
 14786 | Lair:1   | Reached skill level 10 in Shields
 15113 | Lair:1   | Noticed a dire elephant
 15113 | Lair:1   | Noticed a catoblepas
 15133 | Lair:1   | Found a runed translucent door.
 15517 | Lair:1   | Reached XP level 12. HP: 112/112 MP: 11/11
 16393 | Lair:1   | Bought a +0 pair of gloves of strength for 126 gold pieces
 16729 | Lair:2   | Noticed a death yak
 16729 | Lair:2   | Noticed a death yak
 16729 | Lair:2   | Noticed a death yak
 16778 | Lair:2   | Killed a death yak
 16782 | Lair:2   | Killed a death yak
 16791 | Lair:2   | Killed a death yak
 17008 | Lair:2   | Identified the +4 chain mail "Guitz" {+Blink rF- rCorr MP+9
                  | Str+2}
 17250 | Lair:2   | Found a staircase to the Snake Pit.
 17477 | Lair:3   | Found a staircase to the Shoals.
 17572 | Lair:3   | Noticed a catoblepas
 17727 | Lair:3   | Killed a catoblepas
 17932 | Lair:3   | Noticed a catoblepas
 17957 | Lair:3   | Killed a catoblepas
 18388 | Lair:3   | Reached XP level 13. HP: 123/123 MP: 12/12
 18568 | Lair:3   | You fall into a shaft and drop 1 floor!
 19980 | Lair:4   | Found a runed translucent door.
 19983 | Lair:4   | Noticed an azure jelly
 20255 | Lair:4   | Found a staircase to the Slime Pits.
 20255 | Lair:4   | Noticed an azure jelly
 20484 | D:7      | Identified the +10 demon blade of Fear {drain, Fly rC+
                  | Str+3 Dex+3}
 20668 | Lair:5   | Entered Level 5 of the Lair of Beasts
 20691 | Lair:5   | Reached skill level 1 in Long Blades
 20917 | Lair:5   | Reached skill level 5 in Long Blades
 21099 | Lair:5   | Found a runed translucent door.
 21099 | Lair:5   | Noticed a fire dragon
 21995 | Lair:5   | Killed a fire dragon
 22162 | Lair:5   | Reached skill level 10 in Long Blades
 22253 | Lair:5   | Noticed Sonja
 22254 | Lair:5   | Sonja changed into Sonja the swamp drake
 22254 | Lair:5   | Noticed Sonja
 22263 | Lair:5   | Killed Sonja the swamp drake
 22295 | Lair:5   | Reached XP level 14. HP: 102/132 MP: 13/13
 23576 | Orc:1    | Entered Level 1 of the Orcish Mines
 24028 | Orc:2    | Entered Level 2 of the Orcish Mines
 24188 | Orc:2    | Found a staircase to the Elven Halls.
 24631 | Orc:2    | Reached skill level 15 in Long Blades
 25010 | Orc:2    | Paralysed by an orc sorcerer for 3 turns
 25013 | Orc:2    | Noticed Jorgrun
 25029 | Orc:2    | Killed Jorgrun
 25199 | Orc:2    | Found Lypabb's Armour Shop.
 25205 | Orc:2    | Found Heqic's Assorted Antiques.
 25275 | Orc:2    | Found Liujet's Assorted Antiques.
 25284 | Orc:2    | Found Ajuddusm's Assorted Antiques.
 25290 | Orc:2    | Bought 2 golden potions for 52 gold pieces
 25290 | Orc:2    | Bought a scroll labelled GICYSU ZUXY for 29 gold pieces
 25294 | Orc:2    | Bought 2 metallic clear potions for 52 gold pieces
 25294 | Orc:2    | Bought a potion of curing for 87 gold pieces
 25294 | Orc:2    | Bought a scroll of teleportation for 87 gold pieces
 26225 | D:12     | Reached skill level 5 in Dodging
 26234 | D:12     | Bought a +2 chain mail of fire resistance for 258 gold
                  | pieces
 26319 | Lair:1   | Bought a +2 cloak of poison resistance for 203 gold pieces
 26574 | Lair:1   | Reached XP level 15. HP: 136/139 MP: 14/14
 26916 | D:12     | Identified a scroll of acquirement
 26916 | D:12     | Acquired the +1 hat "Goodarr" {rC+}
 27488 | D:12     | Reached skill level 15 in Fighting
 28507 | D:14     | Found a runed translucent gate.
 28508 | D:14     | Found a runed translucent gate.
 28508 | D:14     | Found an ancient bone altar of Kikubaaqudgha.
 28509 | D:14     | Found a runed translucent gate.
 28510 | D:14     | Noticed Caciup's ghost (journeyman GrFi)
 28510 | D:14     | Noticed Caciup's ghost (journeyman GrFi)
 28510 | D:14     | Noticed Feuw's ghost (journeyman MfSh)
 28511 | D:14     | Noticed a lich
 28511 | D:14     | Noticed a lich
 28549 | D:14     | Killed a lich
 28559 | D:14     | Killed a lich
 28831 | D:13     | Killed Caciup's ghost
 28933 | D:14     | Found a gate to the Vaults.
 29013 | D:14     | Killed Feuw's ghost
 29014 | D:14     | Reached skill level 15 in Shields
 29057 | D:14     | Killed Caciup's ghost
 29087 | D:14     | Identified the +2 hat of Music {+Blink MP+9}
 29090 | D:14     | Identified the ring "Ekafuumm" {rPois rCorr Str+2}
 29091 | D:14     | Identified the ring "Jalil" {+Blink MP+9 Str+6 Slay-3
                  | Stlth+}
 29155 | D:14     | Identified the +2 quarterstaff of Ymo Itsa {freeze, rElec
                  | rPois rCorr Dex-2}
 29246 | D:14     | Reached skill level 1 in Stealth
 29390 | D:14     | Found Lobresash's Distillery.
 29399 | D:14     | Bought a potion of might for 56 gold pieces
 29399 | D:14     | Bought a potion of berserk rage for 70 gold pieces
 29399 | D:14     | Bought a potion of haste for 140 gold pieces
 29399 | D:14     | Bought a potion of might for 56 gold pieces
 29512 | D:14     | Found a portal to a secret trove of treasure.
 30316 | D:14     | Found a burning altar of Makhleb.
 30317 | D:14     | Identified the amulet of Oseotoeg {+Inv rC+++ Will- Regen+
                  | SInv}
 30624 | D:15     | Entered Level 15 of the Dungeon
 30863 | D:14     | Bought the amulet "Putzenown" {rElec rN+ Regen+ Int-4
                  | Dex+5} for 955 gold pieces
 30931 | D:15     | Found a staircase to the Depths.
 31004 | D:15     | Noticed an emperor scorpion
 31005 | D:15     | an emperor scorpion changed into a formless jellyfish
 31122 | D:15     | Reached XP level 16. HP: 152/152 MP: 15/15
 31416 | D:15     | Found a stormy altar of Qazlal.
 31707 | Snake:1  | Entered Level 1 of the Snake Pit
 31730 | Snake:1  | Reached skill level 15 in Armour
 32643 | Snake:2  | Found a runed translucent door.
 32646 | Snake:2  | Noticed Miduta's ghost (journeyman DsNe)
 32812 | Snake:2  | Identified the +0 dagger "Otoa" {vamp, Int+3}
 32838 | Snake:2  | Found Keduvisi's Distillery.
 32838 | Snake:2  | Found Qelu's Assorted Antiques.
 32890 | Snake:2  | Bought a steaming plate armour for 980 gold pieces
 32890 | Snake:2  | Identified the +16 plate armour "Goell" {rC- rN+ Dex+6
                  | SInv} (You bought it in a shop on level 2 of the Snake Pit)
 32890 | Snake:2  | Bought a scroll of enchant weapon for 262 gold pieces
 32908 | Snake:2  | Bought 2 potions of heal wounds for 150 gold pieces
 33007 | Snake:2  | Found a gateway to a bazaar.
 33131 | Snake:2  | Killed Miduta's ghost
 33199 | Snake:3  | Found Avyxtoh's Assorted Antiques.
 33199 | Snake:3  | Found Faodghoent's Book Shoppe.
 33241 | Snake:3  | Found Pellopso's Antique Weapon Shoppe.
 33252 | Snake:3  | Noticed Bai Suzhen
 33272 | Snake:3  | Killed Bai Suzhen
 33437 | Snake:3  | Reached skill level 5 in Stealth
 33600 | Snake:3  | Found Loko's Book Shoppe.
 33777 | Snake:3  | Found Favubev's Antique Weapon Shop.
 33802 | Snake:3  | Found Lifrutaq's Armour Shop.
 33870 | Snake:3  | Reached XP level 17. HP: 166/166 MP: 16/16
 33957 | Snake:3  | Found a radiant altar of Vehumet.
 34018 | Snake:4  | Entered Level 4 of the Snake Pit
 34629 | Snake:4  | Found Ikaunerr's Antique Armour Shop.
 34857 | Snake:4  | Reached skill level 10 in Dodging
 35283 | Snake:4  | Got a serpentine rune of Zot
 35607 | Bazaar   | Entered a bazaar
 35607 | Bazaar   | Found Toving's Distillery.
 35607 | Bazaar   | Found Paenips's Assorted Antiques.
 35607 | Bazaar   | Found Muhil's Antique Armour Emporium.
 35609 | Bazaar   | Found Onoed's Assorted Antiques.
 35611 | Bazaar   | Bought a potion of might for 44 gold pieces
 35611 | Bazaar   | Bought a potion of heal wounds for 55 gold pieces
 35611 | Bazaar   | Bought a potion of might for 44 gold pieces
 35611 | Bazaar   | Bought a potion of might for 44 gold pieces
 35620 | Bazaar   | Bought 3 scrolls of blinking for 742 gold pieces
 35620 | Bazaar   | Bought 2 potions of heal wounds for 330 gold pieces
 35623 | Bazaar   | Bought a potion of mutation for 88 gold pieces
 35635 | Bazaar   | Bought a potion of might for 92 gold pieces
 35750 | Shoals:1 | Entered Level 1 of the Shoals
 36007 | Shoals:1 | Found a transporter.
 36025 | Shoals:1 | Noticed Shayle's ghost (journeyman DsRe)
 36031 | Shoals:1 | Found a transporter.
 36255 | Shoals:1 | Identified the +0 kite shield of Responsibility {+Blink
                  | Int+6}
 37010 | Shoals:2 | Reached XP level 18. HP: 178/178 MP: 17/17
 37657 | Shoals:3 | Noticed Louise
 37676 | Abyss:2  | Cast into level 2 of the Abyss (Louise)
 37684 | Abyss:2  | Found a corrupted altar of Lugonu.
 37977 | Abyss:2  | Noticed a bone dragon
 38007 | Abyss:2  | Killed a bone dragon
 38499 | Shoals:3 | Escaped the Abyss
 38509 | Shoals:3 | Killed Louise
 38594 | Shoals:3 | Identified the +1 ring mail "Omparghem" {rElec Slay+3
                  | Stlth-}
 39539 | Shoals:4 | Entered Level 4 of the Shoals
 39577 | Shoals:4 | Found the +11 Singing Sword {sonic wave}
 39634 | Shoals:4 | Identified the amulet of Xom's Amusement {Acrobat Rampage
                  | Str+5 Int-2}
 39969 | Shoals:4 | Got a barnacled rune of Zot
 40222 | Shoals:4 | Identified the +5 sling "Aramalitz" {flame, Str+2}
 40963 | D:15     | Bought a scroll of blinking for 165 gold pieces
 40997 | Vaults:1 | Entered Level 1 of the Vaults
 41074 | Vaults:1 | Paralysed by a great orb of eyes for 4 turns
 41086 | Vaults:1 | Reached XP level 19. HP: 191/191 MP: 18/18
 41824 | Vaults:1 | You fall into a shaft and drop 1 floor!
 41890 | Vaults:2 | Noticed Xtahua
 41896 | Vaults:2 | Paralysed by Xtahua for 2 turns
 41899 | Vaults:2 | Killed Xtahua
 43042 | Vaults:3 | Found a crumbling gateway.
 43067 | Desolati | Entered the Desolation of Salt
 43211 | Desolati | Reached XP level 20. HP: 159/204 MP: 19/19
 43352 | Desolati | Identified the +11 shortbow "Tof Sid" {freeze, rF+}
 43461 | Desolati | Identified the staff "Sucefint" {rElec rC+ Str-4 Int+2
                  | Earth}
 43484 | Desolati | Identified the +8 sling of the Doomed Warrior {freeze,
                  | +Blink Fly rC++ Dex-3}
 43703 | Desolati | Identified the ring "Lorphe" {Wiz Dex+2}
 43706 | Desolati | Identified the ring "Lureiha" {Will+ MP+9 Str+3 Dex+3}
 43711 | Desolati | Identified the +1 short sword of Muopresu {heavy, rElec rN+
                  | Str+2 Dex+2}
 44508 | Vaults:3 | Found a staircase to the Crypt.
 46055 | Vaults:4 | Identified the +4 arbalest "Poruedgho" {penet, *Slow rF+
                  | Dex+3}
 46131 | Vaults:4 | Found Aduxyatz's Book Boutique.
 46568 | Vaults:4 | Noticed a golden dragon
 46577 | Vaults:4 | Killed a golden dragon
 46673 | Vaults:4 | Reached skill level 15 in Dodging
 46902 | Vaults:5 | Entered Level 5 of the Vaults
 47195 | Depths:1 | Entered Level 1 of the Depths
 47353 | Depths:1 | Reached XP level 21. HP: 217/217 MP: 20/20
 47391 | Depths:1 | Found a gateway to Hell.
 47909 | Depths:1 | Found a glowing golden altar of the Shining One.
 48145 | Depths:1 | Identified the staff of Starshine {rElec Will+ Stlth+ Air}
 48392 | Depths:2 | Found Naqan's Weapon Shop.
 49050 | Depths:2 | Acquired the +0 cloak of the Known World {rC+}
 49060 | Depths:2 | Found a one-way gate leading to the halls of Pandemonium.
 49149 | Depths:3 | Noticed a golden dragon
 49165 | Depths:3 | Killed a golden dragon
 49215 | Depths:3 | Reached XP level 22. HP: 231/231 MP: 21/21
 49383 | Depths:3 | Identified the amulet of Pifoac {Reflect rF- rN++ SH+5}
 49579 | Depths:3 | Found a shadowy altar of Dithmenos.
 50207 | Depths:4 | Entered Level 4 of the Depths
 50445 | Depths:4 | Noticed a golden dragon
 50452 | Depths:4 | Killed a golden dragon
 50589 | Depths:4 | Reached skill level 27 in Fighting
 50787 | Depths:4 | Found a gate to the Realm of Zot.
 50889 | Depths:4 | Found a one-way gateway to a ziggurat.
 51137 | Depths:4 | Found Enoudibb's Assorted Antiques.
 51145 | Depths:4 | Bought a scroll of teleportation for 111 gold pieces
 51145 | Depths:4 | Bought a scroll of teleportation for 111 gold pieces
 51483 | Elf:1    | Entered Level 1 of the Elven Halls
 51657 | Elf:1    | Found a transporter.
 51658 | Elf:1    | Found a transporter.
 51732 | Elf:1    | Found a transporter.
 51736 | Elf:1    | Found a transporter.
 51761 | Elf:1    | Found a transporter.
 51774 | Elf:1    | Found a transporter.
 51822 | Elf:1    | Found Zutaimonk's Antique Armour Boutique.
 52585 | Elf:2    | Found Aluf's Book Emporium.
 52608 | Elf:2    | Identified the +9 flail "Utankaup" {heavy, Fly Int+3}
 52635 | Elf:2    | Found a runed translucent gate.
 52636 | Elf:2    | Found a runed translucent gate.
 52636 | Elf:2    | Found a runed translucent gate.
 53121 | Elf:3    | Entered Level 3 of the Elven Halls
 53264 | Elf:3    | Reached XP level 23. HP: 212/240 MP: 22/22
 53288 | Elf:3    | Paralysed by an air elemental for 1 turns
 53482 | Elf:3    | Noticed Saint Roka
 53497 | Elf:3    | Killed Saint Roka
 54012 | Elf:3    | Identified the +3 scale mail of Indecent Exposure {Int+6}
 54044 | Elf:3    | Found the +18 shield of the Gong {Loud rN+ Will+ rCorr
                  | EV-5}
 54052 | Elf:3    | Got a strange book
 54078 | Elf:3    | Identified the +2 plate armour of Spaghetti {Dex+5}
 54081 | Elf:3    | Identified the +3 chain mail of Polish {Str+3}
 54121 | Elf:3    | Identified the +4 orcbow of Fee Simple {flame, MP+9}
 54161 | Elf:3    | Identified the +9 glaive of the Realm of Zot {pain, rPois
                  | Int+3 Dex-3}
 54161 | Elf:3    | Identified the ring "Koytygal" {Fire Str+3}
 54834 | Vaults:5 | Noticed an ancient lich
 54840 | Vaults:5 | Noticed Mara
 54843 | Vaults:5 | Noticed DocEon's illusion
 54851 | Vaults:5 | Killed Mara
 54855 | Vaults:5 | Killed an ancient lich
 54875 | Vaults:5 | Reached XP level 24. HP: 170/249 MP: 22/22
 54971 | Vaults:5 | Noticed a dread lich
 54983 | Vaults:5 | Killed a dread lich
 55242 | Vaults:5 | Got a silver rune of Zot
 55257 | Vaults:5 | Identified the +0 ring mail of the Skies Above {Dex+3}
 55265 | Vaults:5 | Identified the +6 scale mail of the Treeataur {rF+}
 55346 | Vaults:5 | Found Dek Ripu's Magic Scroll Shoppe.
 55356 | Vaults:5 | Bought a scroll of enchant armour for 97 gold pieces
 55356 | Vaults:5 | Bought a scroll of blinking for 97 gold pieces
 55356 | Vaults:5 | Bought a scroll of enchant armour for 97 gold pieces
 55597 | Vaults:5 | Found the +7 great mace "Firestarter" {flame, immolate,
                  | rFlCloud rF++}
 55607 | Vaults:5 | Identified the +3 sling "Ultimatum" {elec, rN+}
 56030 | Crypt:1  | Entered Level 1 of the Crypt
 56328 | Crypt:1  | Noticed Mennas
 56351 | Crypt:1  | Killed Mennas
 57191 | Crypt:2  | Noticed Boris
 57202 | Crypt:2  | Killed Boris
 57908 | Crypt:3  | Entered Level 3 of the Crypt
 58036 | Crypt:3  | Noticed Boris
 58051 | Crypt:3  | Killed Boris
 58255 | Crypt:3  | Noticed Grunn
 58285 | Crypt:3  | Killed Grunn
 58291 | Crypt:3  | Noticed a dread lich
 58301 | Crypt:3  | Killed a dread lich
 58342 | Crypt:3  | Reached XP level 25. HP: 257/257 MP: 22/22
 58402 | Crypt:3  | Found an ancient bone altar of Kikubaaqudgha.
 58444 | Crypt:3  | Identified the +9 quarterstaff "Amireczu" {venom, rC+ rN+
                  | SInv}
 58457 | Crypt:3  | Got a peculiar book
 58658 | Crypt:3  | Identified the +1 morningstar "Widowmaker" {holy, Int+5}
 58764 | Crypt:3  | Found a staircase to the Tomb.
 59885 | Zot:1    | Entered Level 1 of the Realm of Zot
 59907 | Zot:1    | Noticed an orb of fire
 59928 | Zot:1    | Killed an orb of fire
 60967 | Zot:1    | You fall into a shaft and drop 1 floor!
 61827 | Zot:2    | Noticed an orb of fire
 61831 | Zot:2    | Gained mutation: You are dopey. (Int -2) [an orb of fire]
 61836 | Zot:2    | Killed an orb of fire
 62872 | Zot:3    | Noticed a Killer Klown
 62895 | Zot:3    | Reached skill level 27 in Shields
 62898 | Zot:3    | Killed a Killer Klown
 62908 | Zot:3    | Reached skill level 27 in Armour
 63003 | Zot:3    | Reached XP level 26. HP: 225/264 MP: 22/22
 63134 | Zot:3    | Reached XP level 27. HP: 273/273 MP: 22/22
 63187 | Zot:3    | Got a gaudy book
 64308 | Zot:4    | Bought a scroll of acquirement for 728 gold pieces
 64308 | Zot:4    | Bought a scroll of teleportation for 42 gold pieces
 64308 | Zot:4    | Acquired the +0 pair of boots of Viekoo {rElec rPois Str+3}
 64329 | Zot:4    | Bought a potion of curing for 129 gold pieces
 64329 | Zot:4    | Bought a scroll of enchant armour for 322 gold pieces
 64370 | Zot:5    | Entered Level 5 of the Realm of Zot
 64751 | Zot:5    | Noticed a dread lich
 64754 | Zot:5    | Noticed a dread lich
 64757 | Zot:5    | Noticed an ancient lich
 64763 | Zot:5    | Killed a dread lich
 64763 | Zot:5    | Noticed an orb of fire
 64764 | Zot:5    | Noticed an ancient lich
 64765 | Zot:5    | Noticed an ancient lich
 64769 | Zot:5    | Paralysed by a dread lich for 4 turns
 64774 | Zot:5    | Killed a dread lich
 64780 | Zot:5    | Killed an orb of fire
 64781 | Zot:5    | Noticed a dread lich
 64782 | Zot:5    | Noticed an orb of fire
 64789 | Zot:5    | Killed a dread lich
 64793 | Zot:5    | Killed an ancient lich
 64796 | Zot:5    | Killed an ancient lich
 64798 | Zot:5    | Noticed an ancient lich
 64799 | Zot:5    | Killed an ancient lich
 64799 | Zot:5    | Noticed an ancient lich
 64863 | Zot:5    | Killed an ancient lich
 64872 | Zot:5    | Killed an orb of fire
 65372 | Zot:5    | Got the Orb of Zot
 65966 | D:$      | Escaped with the Orb!

Illustrated notes

Levels and vault maps discovered:
D:1:      mrwooster_arrival_statue, layout_loops_corners
D:2:      wad_lake_hut, layout_rooms, basic_altar, minmay_joined_circles,
          uniq_crazy_yiuf_cottage
D:3:      layout_basic, mainiacjoe_overflow_catwalk, nicolae_overflow_squiral,
          cheibrodos_sewer_entry_bend, serial_curves, eino_curves_03,
          eino_curves_02
D:4:      layout_cave_pods, cheibriados_altar_1, minmay_fountain_box,
          nicolae_figureground_pulse
D:5:      layout_basic, gammafunk_ghost_abyssal_escape
D:6:      layout_basic, serial_shops, shop, uniq_menkaure
D:7:      layout_loops_ring, grunt_gozag_statues, temple_pool_b, sword_in_stone
D:8:      layout_basic, nemelex_spade_bored_becter, lemuel_crystal_altar,
          uniq_maurice
D:9:      layout_loops_corners
D:10:     gammafunk_boulding_lane, layout_cave_pods, nicolae_ru_awakened_eye,
          uniq_josephine, uniq_joseph
D:11:     layout_basic, lair_entry_dummy, david_orc_2,
          portal_ice_cave_entry_ice_simulacra, uniq_urug, uniq_erica
D:12:     minmay_crescents, layout_basic, wad_mini_maze
D:13:     layout_rooms
D:14:     evilmike_makhleb_hellhole, layout_irregular_city,
          skrybe_vaults_entry_preservation, nicolae_trove_entry_path_of_doom,
          serial_shops, nicolae_shop_industrial_runoff, gammafunk_ghost_crypt
D:15:     hellmonk_depths_entry_around_the_bend, layout_rooms,
          nicolae_qazlal_style_of_elements, drop_trap, minmay_misc_feat_five
Lair:1:   gammafunk_lair_enchanted_lake, layout_layer_cave,
          grunt_forest_small_clearing_treed, serial_bayou_shore_a,
          lemuel_fruit_tree, grunt_megastairs_3
Lair:2:   layout_chaotic_city, minmay_snake_entry_guardpost_medium
Lair:3:   layout_cave_pods, minmay_shoals_entry_beasts
Lair:4:   layout_regular_city, slime_entry_2, infiniplex_staircase_pool_2,
          grunt_megastairs_2
Lair:5:   hangedman_lair_in_review, layout_gridlike, wormcave, uniq_sonja
Shoals:1: layout_shoals, gammafunk_ghost_arena
Shoals:2: layout_shoals
Shoals:3: layout_shoals, uniq_louise
Shoals:4: shoals_end_grunt_ice, layout_shoals, nicolae_shoals_enchanted_isle
Snake:1:  layout_onion_interference
Snake:2:  layout_rooms, serial_shops, statue_bzr,
          hellmonk_ghost_happy_afterlife, nicolae_snake_salamander_stairs,
          minmay_shoptagon
Snake:3:  layout_onion_interference, basic_altar, serial_shops, shop, shop,
          shop_statue, nicolae_shop_crystal, shop, nicolae_stop_n_shop_1,
          uniq_bai_suzhen
Snake:4:  snake_pit_salamanders_mu, layout_concentric_octagons, serial_shops,
          nicolae_shop_peninsula, serial_bayou_shore_b
Orc:1:    layout_diamond_mine, nicolae_orc_rockfall, mines2_lemuel
Orc:2:    st_orc_elflike, layout_diamond_mine, mines3_lemuel, uniq_jorgrun
Elf:1:    elf_arrival_001, layout_gridlike, serial_shops,
          nicolae_shop_tiny_waterfront, kennysheep_underground_church,
          minivault_4, serial_nicolae_subway, nicolae_sub_station_crystal,
          nicolae_sub_station_metal, nicolae_sub_station_stone
Elf:2:    nicolae_elf_blades_crystal_corner, layout_rooms, serial_shops, shop,
          hex_medium
Elf:3:    minmay_elf_hall_circle, layout_onion_city, uniq_saint_roka
Vaults:1: nicolae_vaults_angled_halls, v_misc_3,
          nicolae_vaults_closet_pinwheel_5, serial_ice_b, v_misc_22,
          nicolae_vaults_twisting_passages, v_misc_19, vaults_room_semicircle,
          dpeg_vaults_monster_box, vaults_room_pool, layout_vaults_omnigrid,
          serial_shops, shop
Vaults:2: nicolae_vaults_stairing_the_circle, vaults_dpeg_diagonal,
          v_alt_pattern_4, v_pattern_4, nicolae_vaults_stepped_doors,
          nicolae_vaults_storage_closets_1, nicolae_vaults_little_squares_6,
          nicolae_vaults_mini_display_case, nicolae_vaults_little_squares_2,
          nicolae_vaults_surprise_closet, nicolae_vaults_offset_grid_hallway_3,
          vaults_dpeg_hooks, nicolae_vaults_tangram_1, vaults_mumra_chevron,
          nicolae_vaults_tetromino_Z_1, layout_vaults_omnibox, uniq_xtahua
Vaults:3: portal_desolation_entry_nicolae_nacl,
          nicolae_vaults_closet_pinwheel_1, nicolae_vaults_storage_closets_2,
          nicolae_vaults_back_hallway, minmay_crypt_entry_skeletal_spiral,
          vaults_room_door_ring, vaults_mumra_hexcomb,
          nicolae_vaults_little_squares_5, nicolae_vaults_door_testing_chamber,
          nicolae_vaults_diamond_1, layout_vaults_big_room
Vaults:4: v_misc_26, grunt_vaults_funnel, nicolae_vaults_frosty_reception,
          ontoclasm_vaults_fault, nicolae_vaults_tetromino_Z_2,
          nicolae_vaults_yaktaur_gun_rack, v_misc_29, v_misc_27,
          vaults_room_semicircle, nicolae_vaults_circle_grid_b,
          nicolae_vaults_offset_grid_hallway_1, nicolae_vaults_rhombus_6,
          grunt_vaults_hallway_short, layout_vaults_omnicross, serial_shops,
          nicolae_shop_tiny_statue_garden
Vaults:5: serial_shops, uniq_mara
Crypt:1:  layout_rooms, grunt_megastairs_5, uniq_mennas
Crypt:2:  layout_basic, uniq_boris
Crypt:3:  cryptofortress_bobbens, uniq_grunn, uniq_josephina
Depths:1: evilmike_inaccessible_box, layout_basic, hell_entry,
          serial_bayou_pond_e, nicolae_tso_carved_into_rock
Depths:2: kennysheep_big_flooded_room, layout_cave_pools,
          pf_hell_entry_tar_spiral, serial_shops,
          nicolae_shop_bloodbath_and_beyond, abyss_entry_small_statue_room,
          rand_demon_pan_entry_8, serial_column_ruins, column_ruins_hut,
          column_ruins_grid_5, column_ruins_columns_corner,
          column_ruins_columns_T, column_ruins_columns_T, column_ruins_grid_1
Depths:3: minmay_open_boxes_in_corner, layout_gridlike, abyss_entry,
          grunt_dithmenos_smoke, grunt_mini_vestibule,
          kennysheep_generic_room_9, minmay_staircase_bubble,
          roderic_lattice_octagonal_star, serial_bayou_shore_b
Depths:4: grunt_zot_entry_gee_three, layout_honeycomb, enter_ziggurat_a,
          serial_shops, shop, minmay_crystal_room, abyss_entry,
          hangedman_geh_valley, minmay_strange_pillars
Zot:1:    layout_basic, grunt_ministairs_2
Zot:2:    lemuel_draconian_sentries_small, layout_gridlike, hangedman_swamp_dais
Zot:3:    layout_onion_interference
Zot:4:    layout_cathedral_of_symmetry, lemuel_baited_zot_trap
Zot:5:    layout_basic, hangedman_zot_diagonal_lockstep

Skill      XL: |  1  2  3  4  5  6  7  8  9 10 11 12 13 14 15 16 17 18 19 20 21 22 23 24 25 26 27 |
---------------+----------------------------------------------------------------------------------+-----
Maces & Flails | 4 5 7 8 9 11 14 | 14.0
Armour         | 1 5 8 11 13 14 15 17 18 19 20 21 22 24 25 27 | 27.0
Fighting       | 4 7 9 11 13 14 16 18 20 21 23 25 26 27 | 27.0
Shields        | 5 8 10 12 13 15 16 17 18 19 20 21 22 24 25 27 | 27.0
Dodging        | 4 5 7 9 11 12 13 15 16 17 19 21 23 26 | 26.8
Long Blades    | 10 15 16 | 16.0
Stealth        | 2 5 |  5.0

Action                     |  1- 3 |  4- 6 |  7- 9 | 10-12 | 13-15 | 16-18 | 19-21 | 22-24 | 25-27 || total
---------------------------+-------+-------+-------+-------+-------+-------+-------+-------+-------++-------
  Melee: Mace              |    87 |    96 |   292 |   823 |   196 |       |       |       |       ||  1494
         Headbutt          |    12 |    19 |    68 |   213 |   336 |   428 |   460 |   419 |   387 ||  2342
         Demon blade       |       |       |       |       |  1088 |  1295 |    85 |       |    72 ||  2540
         Demon whip        |       |       |       |       |       |   203 |       |       |       ||   203
         Double sword      |       |       |       |       |       |     7 |  1262 |  1296 |   965 ||  3530
  Throw: Dart              |     3 |    41 |    20 |    17 |     6 |       |       |       |       ||    87
 Invoke: Call Merchant     |       |       |     1 |     1 |     4 |     1 |       |       |     4 ||    11
         Potion Petition   |       |       |       |     1 |       |       |       |     1 |       ||     2
         Bribe Branch      |       |       |       |       |       |       |       |       |     1 ||     1
  Evoke: Wand              |       |       |     2 |    22 |     2 |       |     4 |       |     4 ||    34
    Use: Scroll            |     6 |     7 |     5 |     6 |    14 |     2 |     2 |       |     7 ||    49
         Potion            |       |     3 |       |     7 |     3 |     1 |       |     2 |     5 ||    21
   Stab: Distracted        |       |       |       |     4 |     5 |    15 |    22 |    20 |    15 ||    81
         Petrified         |       |       |       |       |     1 |       |       |       |       ||     1
 Armour: Robe              |    36 |       |       |       |       |       |       |       |       ||    36
         Ring mail         |     8 |       |       |       |       |       |       |       |       ||     8
         Chain mail        |     3 |    27 |       |       |   219 |    91 |       |       |       ||   340
         Skin              |       |     6 |       |       |    42 |       |       |       |       ||    48
         Scale mail        |       |    40 |   147 |   390 |   504 |       |       |       |       ||  1081
         Plate armour      |       |       |       |       |       |   468 |   547 |   382 |   411 ||  1808
  Dodge: Dodged            |    37 |    35 |   163 |   275 |   500 |   392 |   522 |   508 |   593 ||  3025
  Block: Kite shield       |       |       |    23 |   335 |   670 |  1036 |   956 |   834 |   880 ||  4734
         Tower shield      |       |       |    22 |       |       |       |       |       |       ||    22

Table legend: (Time is in decaauts)
 A = Elapsed time spent in this place.
 B = Non-inter-level travel time spent in this place.
 C = Inter-level travel time spent in this place.
 D = Time resting spent in this place.
 E = Time spent auto-exploring this place.
 F = Levels seen in this place.
 G = Mean time per level.
                   A        B        C        D        E       F      G
               +--------+--------+--------+--------+--------+-----+--------+
         Total |  64156 |  58863 |   5293 |  10044 |  33437 |  55 | 1166.5 |
       Dungeon |  19248 |  17272 |   1976 |   3729 |   9259 |  15 | 1283.2 |
          Lair |   9123 |   8390 |    733 |   2214 |   4061 |   5 | 1824.6 |
        Shoals |   4055 |   3880 |    175 |    392 |   2587 |   4 | 1013.8 |
     Snake Pit |   3738 |   3553 |    185 |    425 |   1958 |   4 |  934.5 |
  Orcish Mines |   2036 |   1862 |    174 |    508 |    810 |   2 | 1018.0 |
   Elven Halls |   2917 |   2737 |    180 |    114 |   2004 |   3 |  972.3 |
        Vaults |   6544 |   5538 |   1006 |    182 |   4083 |   5 | 1308.8 |
         Crypt |   3278 |   3143 |    135 |     81 |   2180 |   3 | 1092.7 |
        Depths |   4332 |   3895 |    437 |    256 |   2666 |   4 | 1083.0 |
           Zot |   5319 |   5031 |    288 |    683 |   2888 |   5 | 1063.8 |
         Abyss |    722 |    722 |      0 |     33 |    380 |   1 |  722.0 |
        Bazaar |     31 |     31 |      0 |      0 |     10 |   1 |   31.0 |
         Sewer |    349 |    349 |      0 |    236 |      0 |   1 |  349.0 |
      Ice Cave |   1486 |   1486 |      0 |   1123 |      0 |   1 | 1486.0 |
    Desolation |    972 |    972 |      0 |     64 |    549 |   1 |  972.0 |
               +--------+--------+--------+--------+--------+-----+--------+

Top non-repeatable levels by time:
  Lair:5: 2706 daAuts
  Lair:1: 2279 daAuts
    D:14: 2212 daAuts
Vaults:3: 1835 daAuts
   Zot:2: 1785 daAuts
    D:10: 1676 daAuts
  Lair:3: 1658 daAuts
    D:12: 1632 daAuts
     D:4: 1520 daAuts
    D:11: 1514 daAuts
   IceCv: 1486 daAuts
 Crypt:3: 1455 daAuts
 Snake:4: 1448 daAuts
  Lair:4: 1414 daAuts
Vaults:4: 1328 daAuts
